[Event "Late-Titled-Tuesday-Blitz-January-16-2024"]
[Site "Chess.com"]
[Date "2024.01.16"]
[Round "11"]
[White "AmanteDeMoi"]
[Black "DavidGavrilescu18"]
[Result "1-0"]
[WhiteElo "2602"]
[BlackElo "2770"]
[TimeControl "180+1"]
[EndTime "16:08:11 PST"]
[Termination "AmanteDeMoi won by checkmate"]

1. Nf3 d5 2. e3 Nf6 3. b3 c5 4.
Bb2 Nc6 5. Be2 d4 6. O-O e5 7.
Bb5 Bd6 8. exd4 exd4 9. Re1+ Kf8 10. Bxc6 bxc6 11. d3 h5 12. Nbd2 h4 13. h3 Rh6 14.
Nc4 Bc7 15. a4 Qd5 16. Bc1 Rh5 17. Qe2 Be6 18. Nfe5 Re8 19. f4 Rf5 20. Qf2 g5 21. Nf3 gxf4 22. Nxh4 Rg5 23. Bxf4 Bxf4 24. Qxf4 Bxh3 25.
Rxe8+ Nxe8 26. Kh2 Be6 27. Rf1 Kg7 28. Nf3 Rg4 29.
Qe5+ f6 30. Qb8 Qh5+ 31. Kg1 Qg6 32. Qxa7+ Kh6 33. Rf2 Bd5 34. Ncd2 Qf5 35. Qxc5 Ng7 36. Nxd4 Qg5 37. N4f3 Qf4 38. Qf8 Kg6 39. Qc8 Kh7 40. c4 Bxf3 41. Nxf3 Rg6 42. Qh3+ Kg8 43. Qc8+ Kh7 44.
Qxc6 Nf5 45. Qe4 Qc1+ 46. Rf1 Qxf1+ 47. Kxf1 Ng3+ 48. Kf2 Nxe4+ 49. dxe4 Rg4 50. Nd2 Rg8 51.
Kf3 Rd8 52. Ke3 Kg6 53. c5 Kf7 54. Nc4 Ke6 55. b4 Rg8 56. c6 Rxg2 57. b5 Rc2 58. Kd4 Ra2 59. a5 Ke7 60. Kc5 Kd8 61. Kb6 Rc2 62. c7+ Kd7 63. a6 Rxc4 64. a7 Ra4 65.
Kb7 Ra5 66. c8=Q+ Kd6 67. Qc7+ Ke6 68. Qxa5 Ke5 69. Qa6 Kxe4 70. Qc6+ Ke5 71. Qc7+ Kf5 72. Kb8 Kg5 73. b6 f5 74. b7 Kg4 75. Qc8 Kg5 76.
Qc1+ f4 77. Qf1 Kg4 78. Ka8 f3 79. b8=Q Kh4 80. Kb7 Kg5 81. a8=Q Kh6 82. Ka7 Kg5 83. Qg3+ Kh5 84. Qh8# 1-0

[Event "Late-Titled-Tuesday-Blitz-January-16-2024"]
[Site "Chess.com"]
[Date "2024.01.16"]
[Round "11"]
[White "Verony64"]
[Black "McCarthyStone"]
[Result "0-1"]
[WhiteElo "2181"]
[BlackElo "2313"]
[TimeControl "180+1"]
[EndTime "16:08:11 PST"]
[Termination "McCarthyStone won by checkmate"]

1. e4 c5 2. Nc3 e6 3. d3 d5 4. g3 Nc6 5. Bg2 h5 6. h3 Nf6 7.
f4 dxe4 8. Nxe4 Nxe4 9. Bxe4 Be7 10. Ne2 Bf6 11. c3 Qc7 12. Be3 Ne7 13. O-O Bd7 14. Qe1 Bc6 15. Qf2 b6 16. Qf3 Rc8 17. Rae1 Nf5 18. Bf2 a5 19. Nc1 a4 20. Qe2 Nd6 21. Kh2 h4 22. Bxc6+ Qxc6 23. g4 a3 24. g5 axb2 25. Qxb2 Be7 26. Qe2 Nf5 27. Qg4 g6 28.
Nb3 Bd6 29. Be3 Qa4 30. Rf2 Kf8 31. Nd2 Nxe3 32. Rxe3 Qxa2 33. Rfe2 Qd5 34. Ne4 Be7 35. Nf2 Kg7 36. Re5 Qd6 37. Ne4 Qxd3 38. Nf6 Qg3+ 39. Qxg3 hxg3+ 40. Kxg3 Bxf6 41. gxf6+ Kxf6 42. h4 Rcd8 43. R2e3 Rd5 44. R5e4 Rdh5 45. f5 gxf5 46. Ra4 Rg8+ 47. Kh3 b5 48. Ra5 Rg4 49. Rg3 Rhxh4+ 50. Kg2 Rxg3+ 51. Kxg3 Rg4+ 52. Kf3 b4 53. Rxc5 bxc3 54.
Rxc3 Re4 55. Rc7 Re5 56. Kf4 Rd5 57. Rb7 e5+ 58. Kf3 Rd3+ 59. Ke2 Rd6 60. Rc7 f4 61. Kf3 Rd3+ 62. Ke4 Re3+ 63. Kd5 f3 64. Rc6+ Kf5 65.
Rc7 f6 66. Kd6 Rd3+ 67. Ke7 Ra3 68. Rc6 Kg5 69. Kf7 Ra7+ 70. Ke6 e4 71. Kd5 e3 72. Ke4 e2 73. Rc5+ Kg4 74. Kd3 e1=Q 75. Rc4+ Kg3 76. Re4 Qxe4+ 77. Kxe4 Re7+ 78. Kf5 f2 79. Kg6 Re3 80.
Kxf6 Rf3+ 81. Kg6 f1=Q 82. Kh5 Qh3+ 83. Kg5 Rf5+ 84. Kg6 Qh5+ 85. Kg7 Rf7+ 86. Kg8 Qh7# 0-1

[Event "Late-Titled-Tuesday-Blitz-January-16-2024"]
[Site "Chess.com"]
[Date "2024.01.16"]
[Round "11"]
[White "nindjaxx8"]
[Black "wild3000"]
[Result "1-0"]
[WhiteElo "2567"]
[BlackElo "2409"]
[TimeControl "180+1"]
[EndTime "16:08:16 PST"]
[Termination "nindjaxx8 won on time"]

1. d4 Nf6 2. c4 e6 3. Nc3 Bb4 4.
Qc2 d5 5. Bg5 h6 6. Bh4 O-O 7.
cxd5 exd5 8. e3 Bg4 9. Be2 Bxe2 10. Nxe2 Nbd7 11. O-O c6 12. a3 Bd6 13. b4 a6 14.
Bg3 Qe7 15. Rab1 Bxg3 16. Nxg3 g6 17. Rfc1 Nb6 18. Nf1 Nc4 19. Qa2 b5 20. Nd2 Nxe3 21. fxe3 Qxe3+ 22. Kh1 Qxd4 23. Nf3 Qb6 24. h3 Rae8 25.
Qd2 Ne4 26. Nxe4 dxe4 27. Nd4 e3 28. Qc3 Qd8 29. Nxc6 Qg5 30. Re1 Rc8 31. Rbc1 Rfe8 32. Qc5 Qxc5 33. Rxc5 Kg7 34. Kg1 f5 35. g3 Kf6 36.
Kg2 Re4 37. Kf3 Rc4 38. Rxc4 bxc4 39. Nd4 c3 40. Kxe3 g5 41. Kd3 f4 42. gxf4 gxf4 43. Re6+ Kg5 44. Rxa6 h5 45. Ra5+ Kh4 46. Rf5 Kg3 47.
Ne2+ Kxh3 48. Rxf4 c2 49. Rf1 Kg2 50. Rc1 Kf2 51.
Nf4 Rd8+ 52. Kc3 h4 53. Rxc2+ Kf3 54. Ne6 Rc8+ 55. Kb2 Rxc2+ 56. Kxc2 Kg4 57. b5 h3 58. b6 h2 59. b7 h1=Q 60. b8=Q Qe4+ 61. Kb3 Qxe6+ 62.
Ka4 Qa6+ 63. Kb4 Qe2 64. Qg8+ Kf5 65. Qd5+ Kf6 66. a4 Qb2+ 67. Ka5 Qc3+ 68. Ka6 Ke7 69.
Qb7+ Kd6 70. a5 Qc6+ 71. Ka7 1-0

[Event "Late-Titled-Tuesday-Blitz-January-16-2024"]
[Site "Chess.com"]
[Date "2024.01.16"]
[Round "11"]
[White "IlanSchnaider"]
[Black "Jarrahi2452"]
[Result "0-1"]
[WhiteElo "2779"]
[BlackElo "2643"]
[TimeControl "180+1"]
[EndTime "16:08:19 PST"]
[Termination "Jarrahi2452 won by checkmate"]

1. e4 c5 2. Nf3 d6 3. Bb5+ Nd7 4. a4 a6 5. Be2 Ngf6 6. Nc3 b6 7. d4 cxd4 8. Nxd4 Bb7 9. f3 e6 10. O-O Be7 11.
Be3 O-O 12. Qe1 Qc7 13. Qg3 Rac8 14. Rad1 Rfd8 15. Qh3 d5 16. exd5 Nxd5 17. Nxe6 Qe5 18. Nxd5 Bxd5 19. Nxd8 Qxe3+ 20. Kh1 Rxd8 21. Rxd5 Qxe2 22.
Rfd1 Nf8 23. Rxd8 Bxd8 24. Rg1 b5 25. axb5 Bb6 26. Ra1 axb5 27. Qf5 Qc4 28. Qd3 Qc6 29. Qe4 Qc7 30. c3 g6 31. Ra8 Kg7 32. Qe8 Qc5 33. Qe1 Ne6 34. Ra1 Qh5 35. Rd1 Bc7 36. h3 Nf4 37. Qe4 Qg5 38. Qd4+ f6 39. Qd7+ Kh6 40. Qg4 Qxg4 41. hxg4 Be5 42. Rd7 Ne6 43. Rb7 Nc7 44. Kg1 f5 45. gxf5 gxf5 46. Kf2 Kg5 47. g3 f4 48. gxf4+ Bxf4 49. Ke2 h5 50. Kf1 h4 51.
Kg2 Kf5 52. Kh3 Bg3 53. b3 Ne6 54. Rxb5+ Kf4 55. Kg2 Ng5 56. Rb4+ Ke3 57. Rb7 Bd6 58. Rd7 h3+ 59. Kh1 Bf4 60. Rg7 Kxf3 61. b4 Ne4 62. Rh7 Nf2+ 63. Kg1 Kg3 64. Rg7+ Ng4 65. Rh7 h2+ 66. Kf1 Bh6 67. Ke2 h1=Q 68. Re7 Qf3+ 69. Ke1 Qxc3+ 70. Kd1 Qb3+ 71. Ke1 Qxb4+ 72. Kf1 Qxe7 73.
Kg1 Qe1# 0-1

[Event "Late-Titled-Tuesday-Blitz-January-16-2024"]
[Site "Chess.com"]
[Date "2024.01.16"]
[Round "11"]
[White "Championnn-9"]
[Black "Makswolf200817"]
[Result "1-0"]
[WhiteElo "2579"]
[BlackElo "2747"]
[TimeControl "180+1"]
[EndTime "16:08:24 PST"]
[Termination "Championnn-9 won by checkmate"]

1. e4 e6 2. d4 d5 3. exd5 exd5 4. Bd3 Nc6 5. c3 Bd6 6. Qf3 Nge7 7. Ne2 O-O 8. Bf4 Re8 9. O-O Bf5 10. Bxd6 Qxd6 11.
Nf4 Rad8 12. Nd2 Qf6 13. Bxf5 Qxf5 14. Nd3 Qg5 15. Rad1 Nf5 16. Qf4 Qg6 17. Nf3 Re7 18.
Rfe1 Rxe1+ 19. Rxe1 Nd6 20. Nde5 Nxe5 21. Nxe5 Qc2 22.
Qc1 Qf5 23. h3 Ne4 24. Qe3 f6 25. Nd3 Re8 26. Qf4 Qd7 27. f3 Nd6 28. Rxe8+ Qxe8 29. Kf2 Qb5 30. Qd2 Kf7 31. b3 b6 32. Qe2 a5 33.
Nf4 Qxe2+ 34. Kxe2 c6 35. Kd3 g5 36. Ne2 h5 37. c4 Ke6 38. Nc3 Nc8 39. cxd5+ cxd5 40. Nb5 Kd7 41. Ke3 Kc6 42. Nc3 Ne7 43. g4 h4 44.
f4 Ng6 45. fxg5 fxg5 46. Ne2 Kd6 47. Kf3 Ne7 48. Ke3 Nc6 49. a3 Ne7 50. Ng1 Ke6 51. Nf3 Kf6 52. Ne5 Ke6 53. Kd3 Nc8 54. Nf3 Kf6 55. b4 axb4 56. axb4 Nd6 57. Nd2 Ke6 58. Ke3 Nc4+ 59. Kd3 Nb2+ 60. Kc2 Nc4 61. Kd3 Nd6 62. Ke3 Nb5 63. Nf3 Kf6 64. Ne5 Nd6 65.
Nd7+ Ke6 66. Nxb6 Ne4 67. Na4 Kd6 68. Nc5 Nc3 69. Nd3 Nd1+ 70. Kf3 Ke6 71. b5 Nc3 72. b6 Kd6 73. Ne5 Ne4 74. Ke3 Nf6 75. Nf7+ Kc6 76. Nxg5 Kxb6 77. Nf3 Ne4 78. Nxh4 Ng5 79.
Nf3 Nxh3 80. g5 Nxg5 81. Nxg5 Kc6 82. Kf4 Kd6 83. Kf5 Ke7 84. Ke5 Kd7 85. Kxd5 Ke7 86. Ne4 Kd8 87. Kd6 Ke8 88. d5 Kd8 89. Ke6 Ke8 90. d6 Kd8 91. d7 Kc7 92. Ke7 Kc6 93. d8=Q Kb5 94. Qc7 Ka4 95. Qb6 Ka3 96. Qb5 Ka2 97.
Qb4 Ka1 98. Nd2 Ka2 99. Qb3+ Ka1 100. Qb1# 1-0

[Event "Late-Titled-Tuesday-Blitz-January-16-2024"]
[Site "Chess.com"]
[Date "2024.01.16"]
[Round "11"]
[White "GMAkobianSTL"]
[Black "Zhigalko_Sergei"]
[Result "1-0"]
[WhiteElo "2751"]
[BlackElo "2970"]
[TimeControl "180+1"]
[EndTime "16:08:31 PST"]
[Termination "GMAkobianSTL won by checkmate"]

1. d4 Nf6 2. c4 e6 3. Nf3 b6 4. a3 Bb7 5. Nc3 d5 6. Bg5 Be7 7. Qa4+ c6 8. cxd5 exd5 9. e3 O-O 10.
Bd3 Nbd7 11. O-O Re8 12. b4 b5 13. Qc2 a5 14. Rab1 axb4 15. axb4 h6 16. Bf4 Nb6 17.
Nxb5 cxb5 18. Bc7 Qd7 19. Bxb6 Ne4 20. Bc5 Bf6 21. Ra1 Bc6 22. h3 Qf5 23. Rxa8 Rxa8 24. Nd2 Qe6 25. Nf3 g6 26. Qb2 Qe8 27. Ra1 Kg7 28. Bc2 Qc8 29. Bb3 Ra6 30. Rxa6 Qxa6 31. Qa2 Qb7 32. Qa5 Qd7 33. Qb6 Bd8 34. Qb8 Bc7 35.
Qf8+ Kh7 36. Ne5 Bxe5 37. dxe5 Nxc5 38. Qxc5 Qe6 39. f4 Kg7 40. Kf2 g5 41. g4 gxf4 42.
exf4 Qg6 43. Bc2 Qe6 44. Qd4 Kg8 45. f5 Qe7 46. f6 Qc7 47. Bf5 Bb7 48. Kg3 Qc1 49.
Qf4 Qe1+ 50. Qf2 Qxe5+ 51. Qf4 Qxf6 52. Qb8+ Kg7 53. Qxb7 Qc3+ 54. Kf4 Qd4+ 55. Kf3 Qc3+ 56. Ke2 Qb2+ 57. Kd1 Qa1+ 58. Kc2 Qa2+ 59. Kc3 Qc4+ 60. Kd2 Qxb4+ 61. Kd3 Qc4+ 62. Ke3 Qc3+ 63. Bd3 Qe5+ 64. Kd2 Qb2+ 65. Ke3 Qe5+ 66. Kf3 Qd4 67. Qxb5 Qe5 68. Qc5 Qh2 69. Qe3 Qxh3+ 70. Kf4 Qh2+ 71. Kf5 Qd6 72. Qe5+ Qxe5+ 73. Kxe5 d4 74. Kf5 Kf8 75. Kf6 Ke8 76. Bc4 Kf8 77. Bxf7 d3 78. Bb3 d2 79.
Kg6 h5 80. Kxh5 d1=Q 81. Bxd1 Kg7 82. g5 Kh8 83. Kh6 Kg8 84. g6 Kh8 85. g7+ Kg8 86. Bb3# 1-0

[Event "Late-Titled-Tuesday-Blitz-January-16-2024"]
[Site "Chess.com"]
[Date "2024.01.16"]
[Round "11"]
[White "Fandorine"]
[Black "iturrizaga"]
[Result "0-1"]
[WhiteElo "2971"]
[BlackElo "3027"]
[TimeControl "180+1"]
[EndTime "16:08:39 PST"]
[Termination "iturrizaga won by resignation"]

1. c4 Nf6 2. g3 c6 3. Bg2 d5 4. Nf3 g6 5. O-O dxc4 6. a4 Bg7 7.
Na3 O-O 8. Nxc4 Be6 9. Qc2 Nbd7 10. d3 h6 11. Bd2 Rc8 12. Rab1 c5 13. Bc3 Nd5 14. a5 Nb4 15. Qa4 Nc6 16. Rfc1 Nf6 17.
Qb5 Bd5 18. Ne3 Be6 19. Qxb7 Nxa5 20. Qa6 Nb3 21. Rd1 Qb6 22. Qa4 Rfd8 23. Nc4 Qb8 24. Nfe5 Nd4 25. Bxd4 cxd4 26. Nc6 Bd7 27. Nxe7+ Kh7 28.
Qa6 Rc7 29. Nc6 Bxc6 30. Bxc6 h5 31. Bf3 h4 32. b4 Re7 33. Qa5 Qc8 34. Qg5 hxg3 35.
hxg3 Rh8 36. Kg2 Kg8 37. Rh1 Rxh1 38. Rxh1 Qe8 39. Qc5 Rd7 40. Bc6 Qxe2 41. Bxd7 Nxd7 42. Qc8+ Nf8 43. Qc6 Qxd3 44. Nd6 Be5 45. Ne4 Kg7 46. Ng5 Qf5 47. Nf3 Bf6 48. Qc5 Qe4 49. Re1 Qb7 50. b5 Ne6 51. Qc6 Qb8 52. Nd2 Qh8 53. Ne4 Be5 54. Qd5 Kg8 55. Rh1 Qg7 56.
Qa8+ Nf8 57. Qxa7 g5 58. Qb7 Qg6 59. Qd5 Qf5 60. Re1 Ng6 61. Nd6 Qf6 62. Ne4 Qf5 63.
b6 Qg4 64. Kf1 Qh3+ 65. Ke2 Qc8 66. Kd1 Qa6 67. Qb3 d3 68. b7 Bb8 69. Nd2 Ne5 70.
Rxe5 Qa1+ 71. Qb1 Qxe5 72. Qxd3 Qa1+ 73. Ke2 Qe5+ 74. Qe4 Qb5+ 75. Ke1 Kg7 76. Nc4 Qb4+ 77. Kf1 Qb5 78. Kg2 f5 79. Qe7+ Kh6 80. Ne3 Qc6+ 81. Kg1 f4 82. Nf5+ Kh5 83. Ng7+ Kg4 84. Ne6 Qc1+ 85. Kg2 f3+ 86. Kh2 Bxg3+ 0-1